 Dungeon Crawl Stone Soup version 0.30-b1-2-g02819fbbbe (webtiles) character file.

Game seed: 9968162645311781661

1766 MackTheKnife the Conjurer (level 8, -8/71 HPs)
             Began as an Armataur Earth Elementalist on May 17, 2023.
             Was a Follower of Uskayaw.
             Mangled by an orc warrior
             ... wielding a +0 trident
              (10 damage)
             ... in a bailey.
             The game lasted 00:12:32 (6923 turns).

MackTheKnife the Conjurer (AtEE)                    Turns: 6923, Time: 00:12:32

Health: -8/71      AC:  6    Str: 14    XL:     8   Next: 79%
Magic:  10/14      EV:  9    Int: 17    God:    Uskayaw [*.....]
Gold:   437        SH:  0    Dex: 11    Spells: 11/15 levels left

rFire   . . .        j - +0 dagger (elec) {short}
rCold   . . .        (no shield)
rNeg    . . .        a - +0 robe
rPois   .            r - +0 helmet
rElec   .            f - +0 cloak
rCorr   .            (no gloves)
SInv    .            (no barding)
Will    .....        t - amulet of faith {!P}
Stlth   ++           n - ring of flight
HPRegen 0.31/turn    (no ring)
MPRegen 0.14/turn

%: roll, faith
@: flying
A: large, rugged brown scales 3, deformed body, armoured tail, roll, long
tongue, awkward tongue
a: Renounce Religion, Stomp


You were in a bailey.
You worshipped Uskayaw.
Uskayaw was noncommittal.
You visited 1 branch of the dungeon, and saw 7 of its levels.
You also visited: Bailey.

You collected 437 gold pieces.


Innate Abilities, Weirdness & Mutations

You are completely covered in rugged brown scales. (AC +3, +7% HP)
Armour fits poorly on your strangely shaped body.
You have a long armoured tail.
You roll when moving toward enemies. (Rampage)
Your long tongue fully drains potion bottles. (2x potion effects)
Your tongue gives you trouble enunciating. (1.5x scroll delay)


   Skills:
 + Level 4.7 Fighting
 - Level 1.3 Dodging
 - Level 2.1 Stealth
 - Level 4.4 Spellcasting
 - Level 6.3 Conjurations
 - Level 1.3 Transmutations
 - Level 5.1 Earth Magic


You had 11 spell levels left.
You knew the following spells:

 Your Spells              Type           Power      Damage    Failure   Level
a - Sandblast             Erth           42%        2d11      1%          1
b - Stone Arrow           Conj/Erth      46%        3d9       4%          3

Your spell library contained the following spells:

 Spells                   Type           Power      Damage    Failure   Level
 Passwall                 Tmut/Erth      11%        N/A       6%          2
 Iskenderun's Battlesphe  Conj           25%        2d8       30%         5
 Petrify                  Tmut/Erth      14%        N/A       36%         4
 Flame Wave               Conj/Fire      14%        2d6       38%         4
 Sticky Flame             Conj/Fire      14%        2d4       38%         4
 Call Canine Familiar     Summ           3%         N/A       41%         3
 Inner Flame              Hex/Fire       3%         N/A       41%         3
 Portal Projectile        Hex/Tloc       6%         N/A       41%         3
 Leda's Liquefaction      Hex/Erth       6%         N/A       45%         4
 Iron Shot                Conj/Erth      11%        9d3       91%         6
 Spellforged Servitor     Conj/Summ      7%         N/A       100%        7

Inventory:

Hand Weapons
 j - a +0 dagger of electrocution (weapon) {short}
   (You took it off a goblin on level 1 of the Dungeon)
 y - a +2 dagger of venom {short}
   (You took it off an orc wizard on level 6 of the Dungeon)
Armour
 a - a +0 robe (worn)
 c - a +0 ring mail
   (You found it on level 1 of the Dungeon)
 f - a +0 cloak (worn)
   (You found it on level 1 of the Dungeon)
 r - a +0 helmet (worn)
   (You found it on level 3 of the Dungeon)
 w - a +0 crystal plate armour {rare=g}
   (You took it off an orc warrior in a bailey)
Jewellery
 n - a ring of flight (left hand)
   (You found it on level 2 of the Dungeon)
 t - an amulet of faith (around neck) {!P}
   (You found it on level 3 of the Dungeon)
Wands
 A - a wand of paralysis (10)
   (You found it on level 6 of the Dungeon)
Scrolls
 d - 2 scrolls of enchant armour
 g - a scroll of acquirement
 h - a scroll of immolation {unknown}
 m - a scroll of fear {unknown}
 o - a scroll of enchant weapon
 p - 3 scrolls of teleportation {@r4}
 u - a scroll of fog
 v - a scroll of amnesia
Potions
 b - 2 potions of magic
 i - 2 potions of lignification {!q}
 k - 5 potions of curing {@q1}
 l - 4 potions of haste {@q3}
 q - 2 potions of brilliance
 s - a potion of heal wounds {@q2}
 x - a potion of experience {unknown}
 z - a potion of flight
 B - a potion of cancellation {unknown}
 C - a potion of invisibility {unknown}
 D - a potion of might {unknown}

Dungeon Overview and Level Annotations

Branches:
Dungeon (7/15) Zot: 26847  Temple (0/1) D:6          Bailey (1/1) Zot: 5634

Altars:
Gozag
Hepliaklqana
Kikubaaqudgha
Uskayaw
Xom
Zin

Shops:
D:1

:*!=!
##..โˆฉ..##
#.o..o..#
#..???..#
#..???..#
#.......#
#.....o.#
#.......#
#...@...#
#.......#
#.......#
#.......#
##.....##
#'''''#
##..o..##
#.....ยง.#
#.......#


You could see an orc knight and 3 orc warriors.


Message History

Casting: Stone Arrow (dangerous; 4% risk of failure)
Confirm with . or Enter, or press ? or * to list all spells.
Aiming: Sandblast (safe; 1% risk of failure)
Press: ? - help, Shift-Dir - straight line, f - orc
Aim: an orc, wielding a +0 halberd (severely wounded, 83% to hit)
The blast of sand hits the orc!
You kill the orc!
The orc warrior hits you from afar with a +0 spear.
The orc knight roars a battlecry!
The orc warrior goes into a battle-frenzy! ๐Ÿ˜• HP[-5] MP[-1]
You take 5 damage, and now have 61/71 hp.
You lost 1 mp, and now have 4/14 mp. ๐Ÿ˜• HP[+1] MP[+1]
Your magical contamination has completely faded away.
Things that are here:
a +0 spear {polearm}; a +0 scale mail; an orc skeleton ๐Ÿ˜• HP[+1]
Things that are here:
a +0 spear {polearm}; a +0 chain mail; an orc skeleton You see here a +0 halberd {polearm}.
The orc warrior barely misses you. ๐Ÿ˜• HP[+1]
The orc warrior shouts!
The orc warrior hits you from afar with a +0 trident!! ๐Ÿ˜ฎ HP[-21] MP[+1]
You take 21 damage, and now have 43/71 hp.
MASSIVE DAMAGE!! (PAUSE)
There is an open door, spattered with blood here. ๐Ÿ˜ฎ HP[+1]
The orc warrior no longer looks unusually strong.
Things that are here:
a +0 hand axe {axe}; an orc corpse An orc warrior comes into view.
It is wielding a +0 trident.
The orc warrior no longer looks unusually strong.
The orc knight roars a battlecry!
The orc warriors go into a battle-frenzy!
The orc warrior shouts!
You hear a shout!
An orc warrior comes into view.
It is wielding a +0 bardiche. ๐Ÿ˜ฎ HP[+1]
There is an open door here. ๐Ÿ˜ฎ MP[+1]
An orc comes into view.
It is wielding a +0 hand axe. ๐Ÿ˜ฎ HP[+1]
The orc warrior attacks as you move away!
The orc warrior hits you with a +0 trident!
The orc shouts!
The orc warrior barely misses you.
The orc warrior hits you from afar with a +0 trident!
* * * LOW HITPOINT WARNING * * *
๐Ÿ˜จ HP[-17]
You take 17 damage, and now have 29/71 hp.
MASSIVE DAMAGE!! (PAUSE)
The orc warrior hits you with a +0 bardiche!
* * * LOW HITPOINT WARNING * * *
The orc hits you but does no damage.
The orc warrior closely misses you. ๐Ÿ˜จ HP[-10]
You take 10 damage, and now have 19/71 hp.
The orc warrior barely misses you.
The orc hits you but does no damage. ๐Ÿ˜จ HP[+1] Unknown command.
The orc warrior hits you from afar with a +0 bardiche.
* * * LOW HITPOINT WARNING * * *
The orc closely misses you. ๐Ÿ˜ฑ HP[-4]
You take 4 damage, and now have 16/71 hp. ๐Ÿ˜ฑ MP[+1]
The orc attacks as you move away! The orc barely misses you.
There is an open gate here. ๐Ÿ˜ฑ HP[+1] ๐Ÿ˜จ HP[+1]
You see here a potion of haste {@q3}.
l - 4 potions of haste {@q3} (gained 1)
The orc warrior hits you from afar with a +0 trident!
* * * LOW HITPOINT WARNING * * *
๐Ÿ˜ฑ HP[-10]
You take 10 damage, and now have 8/71 hp. ๐Ÿ˜ฑ MP[+1]
There is an open gate here. ๐Ÿ˜ฑ HP[+1]
An orc warrior comes into view. It is wielding a +0 glaive.
The orc knight roars a battlecry!
The orcs go into a battle-frenzy!
You roll towards the orc warrior! ๐Ÿ˜ฑ HP[+1]
The orc warrior shouts!
The orc warrior hits you from afar with a +0 glaive!
* * * LOW HITPOINT WARNING * * *
๐Ÿ˜ฑ HP[-9]
You take 9 damage, and now have 1/71 hp.
Really read
e - a scroll of blinking {!r}?
Blink to where?
Press: ? - help, Dir - move target An orc knight and 2 orc warriors come into view.
Found three items.
Found a gate leading back out of this place.
As you slowly read the scroll of blinking {!r}, it crumbles to dust.
The orc knight shouts!
The orc warrior shouts! x2
The orc warrior hits you from afar with a +0 trident!
You die...

Skill      XL: |  1  2  3  4  5  6  7  8 |
---------------+-------------------------+-----
Transmutations | 1 |  1.3
Spellcasting   | 2 3 4 |  4.4
Earth Magic    | 3 4 5 |  5.1
Conjurations   | 1 2 3 4 6 |  6.3
Fighting       | 4 |  4.7
Dodging        | |  1.3
Stealth        | |  2.1

Action                     |  1- 3 |  4- 6 |  7- 9 || total
---------------------------+-------+-------+-------++-------
  Melee: Dagger            |    20 |    70 |    75 ||   165
         Tailslap          |     3 |     5 |     7 ||    15
         Punch             |       |       |     5 ||     5
   Cast: Sandblast         |    57 |    59 |    50 ||   166
         Stone Arrow       |       |     4 |    32 ||    36
 Invoke: Stomp             |       |     2 |       ||     2
  Evoke: Wand              |       |       |     1 ||     1
    Use: Potion            |       |       |     2 ||     2
         Scroll            |       |       |    14 ||    14
   Stab: Paralysed         |       |     1 |    11 ||    12
         Sleeping          |       |       |     2 ||     2
 Armour: Robe              |     7 |    43 |    41 ||    91
  Dodge: Dodged            |    11 |    37 |    53 ||   101

Levels and vault maps discovered:
D:1:      saegor_arrival_simple_c, layout_basic, serial_shops,
          nicolae_shop_behind_doors, nicolae_shop_waterfront, shop,
          nicolae_shop_gaudy_bauble, nicolae_shop_industrial_runoff
D:2:      layout_loops_cross, chequers_ecumenical_altar_island
D:3:      minmay_wonky_spiral, layout_loops_ring, grunt_gozag_statues,
          uniq_terence
D:4:      layout_basic, minmay_misc_feat_x
D:5:      layout_basic, grunt_temple_overflow_order_and_chaos_1,
          old_standard_altar, uniq_grinder, uniq_menkaure
D:6:      hellmonk_destroyed_diamonds, layout_basic,
          minmay_temple_entry_crystal_x
D:7:      layout_basic, nicolae_overflow_crystal_walls, serial_shops, shop,
          enter_bailey_2, nrook_mini_vaults
Bailey:   bailey_polearm_5, bailey

Notes
Turn   | Place    | Note
-------+----------+-------------------------------------------
     0 | D:1      | MackTheKnife the Armataur Earth Elementalist began the
                  | quest for the Orb.
     0 | D:1      | Reached XP level 1. HP: 14/14 MP: 3/3
     0 | D:1      | magus.rc [v1.9.6]
    20 | D:1      | Reached skill level 1 in Transmutations
   103 | D:1      | Found Leleatuo's Distillery.
   117 | D:1      | Reached skill level 2 in Spellcasting
   118 | D:1      | Reached XP level 2. HP: 21/21 MP: 0/5
   178 | D:1      | Found Gelurgha's Distillery.
   182 | D:1      | Found Qaplyll's Jewellery Shoppe.
   318 | D:1      | Reached skill level 3 in Earth Magic
   417 | D:1      | Found Onogit's Book Emporium.
   474 | D:1      | Reached XP level 3. HP: 27/27 MP: 1/6
   548 | D:1      | Learned a level 3 spell: Stone Arrow
   911 | D:1      | Found Inkyah's General Store.
  1012 | D:2      | You pick up a book of Flames and begin reading...
  1012 | D:2      | You add the spells Inner Flame, Sticky Flame and Flame Wave
                  | to your library.
  1182 | D:2      | Found a faded altar of an unknown god.
  1225 | D:2      | Prayed at the altar of an unknown god.
  1225 | D:2      | Became a worshipper of Uskayaw the Reveller
  1225 | D:2      | Reached * piety under Uskayaw
  1553 | D:2      | Reached skill level 1 in Conjurations
  1717 | D:3      | Noticed Terence
  1721 | D:3      | Reached ** piety under Uskayaw
  1726 | D:3      | Killed Terence
  1727 | D:3      | Reached XP level 4. HP: 32/35 MP: 3/7
  2015 | D:3      | Reached skill level 2 in Conjurations
  2018 | D:3      | Reached skill level 4 in Earth Magic
  2070 | D:3      | You pick up a book of the Hunter and begin reading...
  2070 | D:3      | You add the spells Call Canine Familiar, Portal Projectile
                  | and Leda's Liquefaction to your library.
  2133 | D:3      | Found an opulent altar of Gozag.
  2145 | D:3      | Reached XP level 5. HP: 40/40 MP: 5/8
  2828 | D:4      | You pick up a book of Power and begin reading...
  2828 | D:4      | You add the spells Iskenderun's Battlesphere, Iron Shot and
                  | Spellforged Servitor to your library.
  2879 | D:4      | Reached *** piety under Uskayaw
  2883 | D:4      | Reached **** piety under Uskayaw
  2888 | D:4      | Reached skill level 3 in Conjurations
  2888 | D:4      | Reached XP level 6. HP: 28/48 MP: 2/9
  2901 | D:4      | Reached ***** piety under Uskayaw
  3480 | D:5      | Entered Level 5 of the Dungeon
  3490 | D:5      | Reached skill level 5 in Earth Magic
  3727 | D:5      | Reached skill level 4 in Conjurations
  3843 | D:5      | Reached XP level 7. HP: 52/53 MP: 2/10
  3884 | D:5      | Reached skill level 5 in Conjurations
  3991 | D:5      | Noticed Grinder
  4217 | D:5      | Noticed an angel
  4218 | D:5      | Found a shimmering altar of Xom.
  4218 | D:5      | Found a glowing silver altar of Zin.
  4348 | D:5      | Noticed Menkaure
  4352 | D:5      | Killed Menkaure
  4353 | D:5      | Reached skill level 6 in Conjurations
  4475 | D:5      | Found an ancient bone altar of Kikubaaqudgha.
  4528 | D:5      | Killed Grinder
  4529 | D:5      | Reached skill level 3 in Spellcasting
  4529 | D:5      | Reached XP level 8. HP: 57/60 MP: 1/13
  5062 | D:6      | Reached skill level 4 in Spellcasting
  5223 | D:6      | Reached skill level 1 in Fighting
  5432 | D:6      | Reached skill level 2 in Fighting
  5445 | D:6      | HP: 12/66 [orc/+0 flail (8)]
  5740 | D:6      | Reached skill level 3 in Fighting
  5882 | D:6      | Found a staircase to the Ecumenical Temple.
  6429 | D:7      | Found a hazy altar of Hepliaklqana.
  6548 | D:7      | Reached skill level 4 in Fighting
  6557 | D:7      | Found a flagged portal.
  6567 | Bailey   | Entered a bailey
  6713 | Bailey   | Identified a +0 crystal plate armour
  6734 | Bailey   | w - a +0 crystal plate armour {rare=g}
  6851 | Bailey   | Noticed an orc knight
  6908 | Bailey   | HP: 16/71 [orc warrior/+0 bardiche (4)]
  6915 | Bailey   | HP: 8/71 [orc warrior/+0 trident (10)]
  6922 | Bailey   | HP: 1/71 [orc warrior/+0 glaive (9)]
  6923 | Bailey   | Noticed an orc knight
  6923 | Bailey   | Mangled by an orc warrior

Vanquished Creatures
  Grinder (D:5)
  Menkaure (D:5)
  2 water moccasins
  2 orc warriors
  An ogre (D:5)
  A gnoll sergeant (D:6)
  3 scorpions
  2 howler monkeys (D:6)
  4 hounds
  2 jellies
  A sleepcap (D:6)
  2 iguanas
  Terence (D:3)
  2 orc wizards (D:6)
  10 gnolls
  8 adders
  2 shadow imps
  4 worms
  3 dart slugs
  34 orcs
  9 ball pythons
  8 endoplasms
  3 giant cockroaches
  8 goblins
  6 hobgoblins
  6 jackals (D:4)
  7 quokkas
  5 bats
  5 frilled lizards
  7 kobolds
  A rat (D:1)
151 creatures vanquished.

Table legend:
 A = Non-vault XP
 B = Vault XP
 C = Vault XP percentage of total XP
 D = Non-vault monster count
 E = Vault monster count
 F = Vault count percentage of total count
                 A         B        C        D         E       F
            +---------+---------+-------+---------+---------+-------
      Total |    1864 |     659 |  26.1 |     127 |      24 |  15.9
            +---------+---------+-------+---------+---------+-------
        D:1 |      49 |       0 |   0.0 |      27 |       0 |   0.0
        D:2 |      30 |       0 |   0.0 |      15 |       0 |   0.0
        D:3 |      84 |      39 |  31.7 |      16 |       3 |  15.8
        D:4 |     266 |       0 |   0.0 |      29 |       0 |   0.0
        D:5 |     641 |     436 |  40.5 |      13 |       2 |  13.3
        D:6 |     649 |       0 |   0.0 |      26 |       0 |   0.0
        D:7 |     145 |       0 |   0.0 |       1 |       0 |   0.0
     Bailey |       0 |     184 | 100.0 |       0 |      19 | 100.0
            +---------+---------+-------+---------+---------+-------

Skill      XL: |  1  2  3  4  5  6  7  8 |
---------------+-------------------------+-----
Transmutations | 1 |  1.3
Spellcasting   | 2 3 4 |  4.4
Earth Magic    | 3 4 5 |  5.1
Conjurations   | 1 2 3 4 6 |  6.3
Fighting       | 4 |  4.7
Dodging        | |  1.3
Stealth        | |  2.1

Action                     |  1- 3 |  4- 6 |  7- 9 || total
---------------------------+-------+-------+-------++-------
  Melee: Dagger            |    20 |    70 |    75 ||   165
         Tailslap          |     3 |     5 |     7 ||    15
         Punch             |       |       |     5 ||     5
   Cast: Sandblast         |    57 |    59 |    50 ||   166
         Stone Arrow       |       |     4 |    32 ||    36
 Invoke: Stomp             |       |     2 |       ||     2
  Evoke: Wand              |       |       |     1 ||     1
    Use: Potion            |       |       |     2 ||     2
         Scroll            |       |       |    14 ||    14
   Stab: Paralysed         |       |     1 |    11 ||    12
         Sleeping          |       |       |     2 ||     2
 Armour: Robe              |     7 |    43 |    41 ||    91
  Dodge: Dodged            |    11 |    37 |    53 ||   101

Illustrated notes

Table legend:
 A = Kills in this place as a percentage of kills in the entire game.
 B = Kills by you in this place as a percentage of kills by you in the entire game.
 C = Kills by friends in this place as a percentage of kills by friends in the entire game.
 D = Other kills in this place as a percentage of other kills in the entire game.
 E = Experience gained in this place as a percentage of experience gained in the entire game.
 F = Experience gained in this place divided by the number of levels of this place that you have seen.
                   A       B       C       D       E      F
               +-------+-------+-------+-------+-------+----------------------
         Total | 100.0 | 100.0 |   N/A |   N/A | 100.0 | 315.4
       Dungeon |  87.4 |  87.4 |   N/A |   N/A |  92.7 | 334.1
        Bailey |  12.6 |  12.6 |   N/A |   N/A |   7.3 | 184.0
               +-------+-------+-------+-------+-------+----------------------

Table legend: (Time is in decaauts)
 A = Elapsed time spent in this place.
 B = Non-inter-level travel time spent in this place.
 C = Inter-level travel time spent in this place.
 D = Time resting spent in this place.
 E = Time spent auto-exploring this place.
 F = Levels seen in this place.
 G = Mean time per level.
                   A        B        C        D        E       F      G
               +--------+--------+--------+--------+--------+-----+--------+
         Total |   7017 |   6574 |    443 |   1077 |   4272 |   8 |  877.1 |
       Dungeon |   6654 |   6211 |    443 |    937 |   4214 |   7 |  950.6 |
        Bailey |    363 |    363 |      0 |    140 |     58 |   1 |  363.0 |
               +--------+--------+--------+--------+--------+-----+--------+

Top non-repeatable levels by time:
     D:5: 1570 daAuts
     D:6: 1399 daAuts
     D:3: 1057 daAuts
     D:1: 972 daAuts
     D:2: 759 daAuts
     D:4: 741 daAuts
  Bailey: 363 daAuts
     D:7: 152 daAuts
